 Dungeon Sprint DCSS version 0.23-a0-890-gc183402 (webtiles) character file.

Game seed: 6752631493984926530

28979 galech the Severer (level 13, 0/114 HPs)
             Began as a Demonspawn Fighter on Jan 28, 2019.
             Was a High Priest of Okawaru.
             Killed from afar by a shock serpent (9 damage)
             ... with a bolt of electricity
             ... in the Dungeon (Sprint IX: "|||||||||||||||||||||||||||||").
             The game lasted 00:11:10 (5298 turns).

galech the Severer (Demonspawn Fighter)             Turns: 5298, Time: 00:11:11

Health: 0/114      AC: 34    Str: 21    XL:     13   Next: 12%
Magic:  15/17      EV: 18    Int: 10    God:    Okawaru [*****.]
Gold:   1647       SH: 16    Dex: 16    Spells: 12/12 levels left

rFire    . . .     SeeInvis +   H - +7 hand axe of Inference {chop, -Tele rC++ SInv}
rCold    + + .     Gourm    .   c - +0 shield
rNeg     . . .     Faith    .   E - +3 chain mail
rPois    .         Spirit   .   r - +0 helmet
rElec    .         Reflect  .   (no cloak)
rCorr    .         Harm     .   w - +2 pair of gloves {Str+3}
MR       .....     NoTele   +   x - +2 pair of boots {Stlth+}
Stlth    +++.......             (no amulet)
HPRegen  0.29/turn              t - +2 ring of evasion
MPRegen  0.15/turn              l - +4 ring of protection

@: heroism
A: claws 1, molten scales 2, demonic guardian 2, foul stench 1, rot immunity
a: Heroism, Finesse, Renounce Religion


You were in the Dungeon.
You worshipped Okawaru.
Okawaru was extremely pleased with you.
You were not hungry.

You visited 1 branch You collected 1772 gold pieces.
You spent 125 gold pieces at shops.

Inventory:

Hand Weapons
 a - a +0 war axe
 p - a +2 scimitar of flaming
 q - a +5 war axe of electrocution
 H - the +7 hand axe of Inference (weapon) {chop, -Tele rC++ SInv}
   (Okawaru gifted it to you in the Dungeon)

   It inflicts extra damage upon your enemies.
   It greatly protects you from cold.
   It lets you see invisible.
   It prevents most forms of teleportation.
Armour
 c - a +0 shield (worn)
 r - a +0 helmet (worn)
 u - a +1 chain mail
 w - a +2 pair of gloves of strength (worn)
 x - a +2 pair of boots of stealth (worn)
 B - +1 fire dragon scales
 C - a +1 helmet
 D - the cursed +1 scale mail "Riennad" {rN++ Str-4 Dex+4}
   (You found it in the Dungeon)

   It affects your strength (-4).
   It affects your dexterity (+4).
   It greatly protects you from negative energy.
   It has a curse placed upon it.
 E - a +3 chain mail (worn)
Jewellery
 l - a +4 ring of protection (right hand)
 t - a +2 ring of evasion (left hand)
 z - an uncursed ring of ice
 A - an uncursed ring of protection from cold
 F - an uncursed ring of poison resistance
Wands
 o - a wand of iceblast (10)
Scrolls
 j - 2 scrolls of fear
 k - a scroll of blinking
 m - 5 scrolls of remove curse
 n - 2 scrolls of amnesia
 s - 2 scrolls of fog
 v - 5 scrolls of identify
 y - a scroll of enchant weapon
Potions
 b - 2 potions of brilliance
 d - a potion of invisibility
 e - 5 potions of curing
 g - 14 potions of heal wounds
 h - a potion of haste
 i - 6 potions of magic
Comestibles
 f - 10 rations
 G - a chunk of flesh


   Skills:
 + Level 14.6(19.6) Fighting
 + Level 3.1(8.1) Long Blades
 + Level 18.6(23.6) Axes
 + Level 13.1(18.1) Armour
 + Level 8.0(13.0) Dodging
 + Level 5.2(10.2) Stealth
 + Level 14.5(19.5) Shields
 + Level 1.6(6.6) Unarmed Combat
 + Level 6.2 Invocations


You had 12 spell levels left.
You didn't know any spells.
Your spell library was empty.

Dungeon Overview and Level Annotations

Branches:
Dungeon (1/1)

Altars:
Cheibriados
Dithmenos
Elyvilon
Fedhas
Gozag
Hepliaklqana
Kikubaaqudgha
Makhleb
Nemelex Xobeh
Okawaru
Qazlal
Ru
Sif Muna
Trog
Uskayaw
Vehumet
Wu Jian
Xom
Yredelemnul
Zin
The Shining One
Beogh
Jiyva
Lugonu

Shops:
D *([}


Innate Abilities, Weirdness & Mutations

You have sharp fingernails.
You are mostly covered in molten scales. (AC +3)
A demonic guardian rushes to your aid.
You may emit foul miasma when damaged in melee.
You are immune to rotting.


Message History

The black mamba corpse isn't edible.
You start resting.
Your orange demon disappears in a puff of smoke!
You start resting.
The shock serpent is too close now for your liking.
A shock serpent is nearby!
The shock serpent hisses angrily.
You swap places.
The shock serpent shoots out a bolt of lightning at you!
The bolt of electricity hits you!
* * * LOW HITPOINT WARNING * * *
The bolt of electricity hits your soul eater!
You gain the combat prowess of a mighty hero.
The shock serpent shoots out a bolt of lightning at you!
The bolt of electricity hits you!
* * * LOW HITPOINT WARNING * * *
The bolt of electricity hits your soul eater!!
The shock serpent shoots out a bolt of lightning at you!
The bolt of electricity hits you!
You die...

)..............).[.((((..........
▓▓▓▓▓▓▓▓▓▓▓▓▓▓▓▓▓▓▓▓▓▓▓▓▓▓▓▓▓▓▓▓▓
............))[)[)........'))))))
▓▓▓▓▓▓▓▓▓▓▓▓▓▓▓▓▓▓▓▓▓▓▓▓▓▓▓▓▓▓▓▓▓
.................................
▓▓▓▓▓▓▓▓▓▓▓▓▓▓▓▓▓▓▓▓▓▓▓▓▓▓▓▓▓▓▓▓▓
........'.....)))))[)).[.[[[.....
▓▓▓▓▓▓▓▓▓▓▓▓▓▓▓▓▓▓▓▓▓▓▓▓▓▓▓▓▓▓▓▓▓
(......§.......S@3.).(...........
▓▓▓▓▓▓▓▓▓▓▓▓▓▓▓▓▓▓▓▓▓▓▓▓▓▓▓▓▓▓▓▓▓
..............'NSNSS....'S.NS.S
▓▓▓▓▓▓▓▓▓▓▓▓▓▓▓▓▓▓▓▓▓▓▓▓▓▓▓▓▓▓▓


You could see a shock serpent and a friendly soul eater.

Vanquished Creatures
  Kirke (D)
  A frost giant (D)
  An emperor scorpion (D)
  A stone giant (D)
  An entropy weaver (D)
  A spark wasp (D)
  2 dire elephants (D)
  Josephine (D)
  A naga warrior (D)
  A great orb of eyes (D)
  A hydra (D)
  3 centaur warriors (D)
  A two-headed ogre (D)
  A vampire mage (D)
  A shock serpent (D)
  Urug (D)
  A skeletal warrior (D)
  A flayed ghost (D)
  A glowing orange brain (D)
  3 wolf spiders (D)
  An ugly thing (D)
  4 orc knights (D)
  5 orc sorcerers (D)
  A salamander (D)
  5 elephants (D)
  3 cyclopes (D)
  A black mamba (D)
  A naga mage (D)
  A gargoyle (D)
  2 spiny frogs (D)
  A komodo dragon (D)
  A hornet (D)
  2 hippogriffs (D)
  2 redbacks (D)
  3 wraiths (D)
  3 yaks (D)
  A basilisk (D)
  A vampire mosquito (D)
  3 nagas (D)
  2 water moccasins (D)
  3 porcupines (D)
  11 orc warriors (D)
  2 ice beasts (D)
  An ogre (D)
  2 phantoms (D)
  2 centaurs (D)
  3 crocodiles (D)
  A scorpion (D)
  2 crimson imps (D)
  3 orc priests (D)
  6 orc wizards (D)
  2 worker ants (D)
  An adder zombie (D)
  A dart slug (D)
  A leopard gecko (D)
  9 orcs (D)
  A giant cockroach (D)
  A bat (D)
  A frilled lizard (D)
  A kobold (D)
  A rat (D)
123 creatures vanquished.

Vanquished Creatures (collateral kills)
  A great orb of eyes (D)
  A naga warrior (D)
  2 orc sorcerers (D)
  An ugly thing (D)
  An elephant (D)
  A black mamba (D)
  A wraith (D)
  2 orc warriors (D)
  4 orc wizards (D)
  2 orcs (D)
16 creatures vanquished.

Vanquished Creatures (others)
  3 humans (D)
3 creatures vanquished.

Grand Total: 142 creatures vanquished

Notes
Turn   | Place    | Note
-------+----------+-------------------------------------------
     0 | D        | galech the Demonspawn Fighter began the quest for the Orb.
     0 | D        | Reached XP level 1. HP: 18/18 MP: 1/1
     8 | D        | Reached skill level 2 in Axes
    33 | D        | Noticed an ice beast
    33 | D        | Noticed a worker ant
    38 | D        | Gained mutation: You are partially covered in molten
                  | scales. (AC +2) [demonic ancestry]
    38 | D        | Reached XP level 2. HP: 19/25 MP: 2/2
    45 | D        | Killed an ice beast
    45 | D        | Reached skill level 4 in Axes
    45 | D        | Reached skill level 1 in Dodging
    45 | D        | Gained mutation: You are immune to rotting. [demonic
                  | ancestry]
    45 | D        | Reached XP level 3. HP: 25/32 MP: 3/3
    45 | D        | Reached XP level 4. HP: 30/38 MP: 4/4
    54 | D        | Reached skill level 5 in Fighting
    54 | D        | Reached skill level 5 in Armour
    54 | D        | Reached skill level 5 in Shields
    89 | D        | Found a roughly hewn altar of Beogh.
    89 | D        | Found a snail-covered altar of Cheibriados.
    89 | D        | Found a shadowy altar of Dithmenos.
    89 | D        | Found a white marble altar of Elyvilon.
    89 | D        | Found a blossoming altar of Fedhas.
    89 | D        | Found an opulent altar of Gozag.
    90 | D        | Found a hazy altar of Hepliaklqana.
    91 | D        | Found a viscous altar of Jiyva.
    92 | D        | Found an ancient bone altar of Kikubaaqudgha.
    93 | D        | Found a corrupted altar of Lugonu.
    94 | D        | Found a burning altar of Makhleb.
    95 | D        | Found a sparkling altar of Nemelex Xobeh.
    96 | D        | Found an iron altar of Okawaru.
    97 | D        | Found a stormy altar of Qazlal.
    98 | D        | Found a sacrificial altar of Ru.
    99 | D        | Found a deep blue altar of Sif Muna.
   100 | D        | Found a bloodstained altar of Trog.
   101 | D        | Found a hide-covered altar of Uskayaw.
   102 | D        | Found a radiant altar of Vehumet.
   103 | D        | Found an ornate altar of the Wu Jian Council.
   104 | D        | Became a worshipper of Warmaster Okawaru
   105 | D        | Found a shimmering altar of Xom.
   106 | D        | Found a basalt altar of Yredelemnul.
   107 | D        | Found a glowing silver altar of Zin.
   108 | D        | Found a glowing golden altar of the Shining One.
   158 | D        | Noticed an ice beast
   158 | D        | Noticed a centaur
   158 | D        | Noticed a phantom
   164 | D        | Killed an ice beast
   164 | D        | Reached skill level 6 in Axes
   164 | D        | Gained mutation: You have sharp fingernails. [demonic
                  | ancestry]
   164 | D        | Reached XP level 5. HP: 32/46 MP: 5/5
   165 | D        | Killed a centaur
   165 | D        | Gained mutation: You are mostly covered in molten scales.
                  | (AC +3) [demonic ancestry]
   165 | D        | Reached XP level 6. HP: 36/52 MP: 6/6
   177 | D        | Reached skill level 7 in Axes
   182 | D        | Reached * piety under Okawaru
   303 | D        | Noticed a yak
   303 | D        | Noticed a centaur warrior
   303 | D        | Noticed a gargoyle
   310 | D        | Reached skill level 8 in Axes
   315 | D        | Killed a yak
   315 | D        | Reached XP level 7. HP: 55/59 MP: 4/7
   328 | D        | Killed a centaur warrior
   328 | D        | Reached ** piety under Okawaru
   328 | D        | Reached *** piety under Okawaru
   328 | D        | Reached skill level 10 in Axes
   328 | D        | Reached skill level 1 in Invocations
   328 | D        | Reached XP level 8. HP: 42/67 MP: 6/8
   342 | D        | Killed a gargoyle
   342 | D        | Reached skill level 11 in Axes
   676 | D        | Noticed a hippogriff
   683 | D        | Noticed a komodo dragon
   686 | D        | Reached skill level 12 in Axes
   691 | D        | Reached **** piety under Okawaru
   693 | D        | Killed a hippogriff
   693 | D        | Gained mutation: A weak demonic guardian rushes to your
                  | aid. [demonic ancestry]
   693 | D        | Reached XP level 9. HP: 61/75 MP: 10/10
   982 | D        | Killed a komodo dragon
   982 | D        | Reached skill level 13 in Axes
  1216 | D        | Noticed a four-headed hydra
  1225 | D        | Noticed a black mamba
  1226 | D        | Killed a two-headed hydra
  1226 | D        | Reached ***** piety under Okawaru
  1226 | D        | Reached skill level 1 in Long Blades
  1229 | D        | Noticed a spiny frog
  1232 | D        | Noticed a spiny frog
  1254 | D        | Gained mutation: You may emit foul miasma when damaged in
                  | melee. [demonic ancestry]
  1254 | D        | Reached XP level 10. HP: 60/83 MP: 8/11
  1261 | D        | Killed a black mamba
  1261 | D        | Reached skill level 14 in Axes
  1261 | D        | Reached skill level 5 in Dodging
  1356 | D        | Killed a spiny frog
  1356 | D        | Reached skill level 10 in Shields
  1455 | D        | Killed a spiny frog
  1455 | D        | Reached skill level 10 in Armour
  1455 | D        | Reached skill level 1 in Stealth
  1537 | D        | Noticed an elephant
  1537 | D        | Noticed an elephant
  1537 | D        | Noticed a dire elephant
  1537 | D        | Noticed a dire elephant
  1537 | D        | Noticed an elephant
  1537 | D        | Noticed an elephant
  1544 | D        | Killed an elephant
  1544 | D        | Reached skill level 10 in Fighting
  1555 | D        | Noticed an elephant
  1557 | D        | Noticed an elephant
  1560 | D        | Killed a dire elephant
  1560 | D        | Received a gift from Okawaru
  1824 | D        | Killed an elephant
  1900 | D        | Killed a dire elephant
  1900 | D        | Reached skill level 15 in Axes
  1907 | D        | Killed an elephant
  1913 | D        | Killed an elephant
  1913 | D        | Gained mutation: A demonic guardian rushes to your aid.
                  | [demonic ancestry]
  1913 | D        | Reached XP level 11. HP: 58/92 MP: 13/13
  2198 | D        | Noticed Urug
  2212 | D        | Killed Urug
  2213 | D        | Noticed Josephine
  2221 | D        | Received a gift from Okawaru
  2226 | D        | Killed Josephine
  2298 | D        | Noticed an orc knight
  2298 | D        | Noticed an orc knight
  2304 | D        | Killed an orc knight
  2309 | D        | Killed an orc knight
  2327 | D        | Reached skill level 16 in Axes
  2399 | D        | Noticed an orc knight
  2407 | D        | Killed an orc knight
  2508 | D        | Found Caveaw's General Store.
  2508 | D        | Noticed an orc sorcerer
  2508 | D        | Noticed an orc sorcerer
  2509 | D        | Noticed an orc sorcerer
  2514 | D        | Paralysed by an orc sorcerer for 7 turns
  2524 | D        | Killed an orc sorcerer
  2525 | D        | Found Inoenemn's Antique Weapon Shoppe.
  2525 | D        | Noticed an orc sorcerer
  2531 | D        | Killed an orc sorcerer
  2531 | D        | Reached skill level 5 in Invocations
  2537 | D        | Reached ****** piety under Okawaru
  2583 | D        | Killed an orc sorcerer
  2585 | D        | Paralysed by an orc sorcerer for 7 turns
  2588 | D        | Killed an orc sorcerer
  2793 | D        | Found Kiasti's Antique Armour Emporium.
  2795 | D        | Found Lylanyog's Gadget Shoppe.
  2809 | D        | Noticed an orc sorcerer
  2810 | D        | Noticed an orc sorcerer
  2811 | D        | Noticed an orc sorcerer
  2818 | D        | Killed an orc sorcerer
  2827 | D        | Noticed a sixfirhy
  2827 | D        | Killed an orc sorcerer
  2830 | D        | Killed an orc sorcerer
  2830 | D        | Received a gift from Okawaru
  2830 | D        | Reached skill level 17 in Axes
  3050 | D        | Bought a potion of heal wounds for 50 gold pieces
  3050 | D        | Bought a scroll of enchant weapon for 75 gold pieces
  3181 | D        | Got the cursed +1 scale mail "Riennad" {rN++ Str-4 Dex+4}
  3213 | D        | Noticed a centaur warrior
  3213 | D        | Noticed a centaur warrior
  3213 | D        | Noticed a two-headed ogre
  3217 | D        | Killed a centaur warrior
  3217 | D        | Reached XP level 12. HP: 103/103 MP: 15/15
  3222 | D        | Killed a centaur warrior
  3236 | D        | Killed a two-headed ogre
  3245 | D        | Noticed a vampire mage
  3320 | D        | Killed a vampire mage
  3428 | D        | Noticed a great orb of eyes
  3439 | D        | Killed a great orb of eyes
  3449 | D        | Noticed a great orb of eyes
  3450 | D        | Noticed a stone giant
  3459 | D        | Was placed under penance by Okawaru
  3463 | D        | Killed a great orb of eyes
  3463 | D        | Reached skill level 18 in Axes
  3473 | D        | Killed a stone giant
  3603 | D        | Noticed a naga warrior
  3694 | D        | Killed a naga warrior
  3994 | D        | Noticed Kirke
  4012 | D        | Killed Kirke
  4063 | D        | Noticed a frost giant
  4072 | D        | Killed a frost giant
  4278 | D        | Noticed a spark wasp
  4278 | D        | Noticed an emperor scorpion
  4291 | D        | Was forgiven by Okawaru
  4292 | D        | Noticed an entropy weaver
  4299 | D        | Killed a spark wasp
  4326 | D        | Reached skill level 5 in Stealth
  4326 | D        | Reached skill level 1 in Unarmed Combat
  4659 | D        | Killed an emperor scorpion
  5087 | D        | Killed an entropy weaver
  5087 | D        | Received a gift from Okawaru
  5087 | D        | Reached XP level 13. HP: 109/114 MP: 17/17
  5092 | D        | Got an ancient hand axe {god gift}
  5093 | D        | Identified the +7 hand axe of Inference {chop, -Tele rC++
                  | SInv} (Okawaru gifted it to you in the Dungeon)
  5298 | D        | Killed from afar by a shock serpent

Vault maps used:
D:        linesprint

Skill      XL: |  1  2  3  4  5  6  7  8  9 10 11 12 13 |
---------------+----------------------------------------+-----
Axes           | 2 4 6 8 10 12 13 15 17 18 | 18.6
Armour         | 3 4 5 6 7 9 10 11 12 13 | 13.1
Shields        | 3 4 5 6 7 8 9 10 12 14 | 14.5
Fighting       | 4 5 6 7 8 9 10 12 14 | 14.6
Dodging        | 1 2 3 4 5 6 7 8 |  8.0
Invocations    | 1 2 3 5 6 |  6.2
Long Blades    | 1 3 |  3.1
Stealth        | 2 3 5 |  5.2
Unarmed Combat | 1 |  1.6

Action                   |  1- 3 |  4- 6 |  7- 9 | 10-12 | 13-15 || total
-------------------------+-------+-------+-------+-------+-------++-------
Melee: War axe           |    27 |    41 |    87 |   425 |       ||   580
       Scimitar          |       |       |     3 |       |       ||     3
       Unarmed           |       |       |       |     4 |       ||     4
       Hand axe          |       |       |       |       |    29 ||    29
Invok: Heroism           |       |     1 |     2 |     9 |     2 ||    14
  Use: Potion            |     1 |       |     1 |       |     2 ||     4
       Scroll            |       |       |     2 |     1 |       ||     3
 Stab: Distracted        |       |       |       |     4 |       ||     4
  Eat: Chunk             |       |       |       |    11 |       ||    11
       Ration            |       |       |       |     1 |       ||     1
Armor: Scale mail        |    17 |     3 |       |       |       ||    20
       Chain mail        |       |     6 |    28 |   112 |     5 ||   151
Dodge: Dodged            |     7 |     8 |    20 |   118 |     5 ||   158
Block: Shield            |    11 |    15 |    39 |   162 |    12 ||   239
       Rpst.: Scimitar   |       |       |     1 |       |       ||     1

Table legend:
 A = Non-vault XP
 B = Vault XP
 C = Vault XP percentage of total XP
 D = Non-vault monster count
 E = Vault monster count
 F = Vault count percentage of total count
                 A         B        C        D         E       F
            +---------+---------+-------+---------+---------+-------
      Total |       0 |   41399 | 100.0 |       0 |     121 | 100.0
            +---------+---------+-------+---------+---------+-------
          D |       0 |   41399 | 100.0 |       0 |     121 | 100.0
            +---------+---------+-------+---------+---------+-------
